TOP OF THE 1ST |
Winnipeg Goldeyes batting - Pitching for Niagara Falls Phantoms : LHP Tony de la Cruz
|
Pitching: LHP Tony de la Cruz
|
|
Batting: RHB Settan Nakamura
|
0-0: Called Strike 0-1: Ball 1-1: Ball 2-1: Ball 3-1: Called Strike 3-2: Foul Ball, location: 2F 3-2: Foul Ball, location: 2F 3-2: Ground out 6-3 (Groundball, 6S, EV 86.9 MPH)
|
Batting: RHB Mike Berzins
|
0-0: Called Strike 0-1: DOUBLE (Line Drive, 7LM, EV 103.1 MPH)
|
Batting: RHB Terry Oetker
|
0-0: Ball 1-0: Swinging Strike 1-1: Ball 2-1: DOUBLE (Groundball, 5L, EV 106.2 MPH) Mike Berzins scores
|
Batting: SHB Victor Turrubiate
|
0-0: Ball 1-0: Called Strike 1-1: Ball 2-1: Foul Ball, location: 2F 2-2: Ball 3-2: Ground out 6-3 (Groundball, 6, EV 86.9 MPH)
|
Batting: RHB Alejandro de Jesus
|
0-0: Foul Ball, location: 2F 0-1: Foul Ball, location: 2F 0-2: Ball 1-2: Strikes out swinging
|
Top of the 1st over - 1 run, 2 hits, 0 errors, 1 left on base; Winnipeg 1 - Niagara Falls 0 |
BOTTOM OF THE 1ST |
Niagara Falls Phantoms batting - Pitching for Winnipeg Goldeyes : RHP Chi-young Chuko
|
Pitching: RHP Chi-young Chuko
|
|
Batting: LHB Pete Cook
|
0-0: Ball 1-0: Called Strike 1-1: Called Strike 1-2: Strikes out swinging
|
Batting: RHB Danny Carrick
|
0-0: Called Strike 0-1: Foul Ball, location: 2F 0-2: Ball 1-2: Strikes out swinging
|
Batting: LHB Luis Ponce
|
0-0: Called Strike 0-1: Called Strike 0-2: Strikes out swinging
|
Bottom of the 1st over - 0 runs, 0 hits, 0 errors, 0 left on base; Winnipeg 1 - Niagara Falls 0 |
TOP OF THE 2ND |
Winnipeg Goldeyes batting - Pitching for Niagara Falls Phantoms : LHP Tony de la Cruz
|
Batting: SHB Ed Mosqueda
|
0-0: SINGLE (Line Drive, 89M, EV 101.9 MPH)
|
Batting: RHB Yu-zeng Mai
|
0-0: Ball 1-0: Foul Ball, location: 2F 1-1: Ball 2-1: Swinging Strike 2-2: SINGLE (Groundball, 56S, EV 73.8 MPH) (infield hit) Ed Mosqueda to second
|
Batting: SHB Andy Ehrsam
|
0-0: Ball 1-0: Grounds into double play, 5-4-3 (Groundball, 56, EV 103.1 MPH) Ed Mosqueda to third
|
Batting: RHB Mike Ricker
|
0-0: Ball 1-0: Foul Ball, location: 2F 1-1: Ball 2-1: SINGLE (Line Drive, 9S, EV 86.9 MPH) Ed Mosqueda scores
|
Batting: RHB Settan Nakamura
|
0-0: Swinging Strike 0-1: Called Strike 0-2: Ball 1-2: Ball 2-2: Foul Ball, location: 2F 2-2: Fly out, F7 (Line Drive, 7S, EV 99.4 MPH)
|
Top of the 2nd over - 1 run, 3 hits, 0 errors, 1 left on base; Winnipeg 2 - Niagara Falls 0 |
BOTTOM OF THE 2ND |
Niagara Falls Phantoms batting - Pitching for Winnipeg Goldeyes : RHP Chi-young Chuko
|
Batting: RHB Peter Frankel
|
0-0: Ball 1-0: SOLO HOME RUN (Flyball, 78XD, EV 104.4 MPH), Distance : 411 ft
|
Batting: RHB Ryan Book
|
0-0: Ball 1-0: Ball 2-0: Called Strike 2-1: Fly out, F8 (Flyball, 8RXD, EV 109.4 MPH)
|
Batting: RHB Hunter Uttley
|
0-0: Foul Ball, location: 2F 0-1: Foul Ball, location: 2F 0-2: Ball 1-2: Ball 2-2: Ball 3-2: Foul Ball, location: 2F 3-2: SINGLE (Flyball, 8RS, EV 92.5 MPH)
|
Batting: RHB Randy Joyce
|
0-0: Ball 1-0: Swinging Strike 1-1: Foul Ball, location: 2F 1-2: Ball 2-2: Foul Ball, location: 2F 2-2: Ball 3-2: Strikes out swinging
|
Batting: SHB Ramon Werman
|
0-0: Ball 1-0: Ball 2-0: Called Strike 2-1: Foul Ball, location: 2F 2-2: Strikes out swinging
|
Bottom of the 2nd over - 1 run, 2 hits, 0 errors, 1 left on base; Winnipeg 2 - Niagara Falls 1 |
TOP OF THE 3RD |
Winnipeg Goldeyes batting - Pitching for Niagara Falls Phantoms : LHP Tony de la Cruz
|
Batting: RHB Mike Berzins
|
0-0: Fly out, F7 (Line Drive, 78M, EV 100.6 MPH)
|
Batting: RHB Terry Oetker
|
0-0: Ball 1-0: Ball 2-0: Called Strike 2-1: Foul Ball, location: 2F 2-2: Foul Ball, location: 2F 2-2: Ground out 6-3 (Groundball, 6, EV 79.4 MPH)
|
Batting: SHB Victor Turrubiate
|
0-0: Fly out, F9 (Line Drive, 9LM, EV 96.9 MPH)
|
Top of the 3rd over - 0 runs, 0 hits, 0 errors, 0 left on base; Winnipeg 2 - Niagara Falls 1 |
BOTTOM OF THE 3RD |
Niagara Falls Phantoms batting - Pitching for Winnipeg Goldeyes : RHP Chi-young Chuko
|
Batting: RHB Donald DeLisio
|
0-0: Fly out, F8 (Flyball, 8RD, EV 88.1 MPH)
|
Batting: LHB Pete Cook
|
0-0: Ball 1-0: Ball 2-0: Foul Ball, location: 2F 2-1: Called Strike 2-2: Strikes out swinging
|
Batting: RHB Danny Carrick
|
0-0: Ball 1-0: Swinging Strike 1-1: SOLO HOME RUN (Line Drive, 7D, EV 96.2 MPH), Distance : 365 ft
|
Batting: LHB Luis Ponce
|
0-0: Ball 1-0: SINGLE (Groundball, 56S, EV 72.5 MPH) (infield hit)
|
Batting: RHB Peter Frankel
|
0-0: 2-RUN HOME RUN (Flyball, 9LD, EV 93.8 MPH), Distance : 345 ft
|
Batting: RHB Ryan Book
|
0-0: Ball 1-0: Ball 2-0: Ball 3-0: Called Strike 3-1: Fly out, F8 (Flyball, 89D, EV 87.5 MPH)
|
Bottom of the 3rd over - 3 runs, 3 hits, 0 errors, 0 left on base; Winnipeg 2 - Niagara Falls 4 |
TOP OF THE 4TH |
Winnipeg Goldeyes batting - Pitching for Niagara Falls Phantoms : LHP Tony de la Cruz
|
Batting: RHB Alejandro de Jesus
|
0-0: Called Strike 0-1: Foul Ball, location: 2F 0-2: Ball 1-2: Ground out 4-3 (Groundball, 4, EV 101.9 MPH)
|
Batting: SHB Ed Mosqueda
|
0-0: Ball 1-0: SINGLE (Groundball, 6D, EV 99.4 MPH)
|
Batting: RHB Yu-zeng Mai
|
0-0: Ball Ed Mosqueda is caught stealing 2nd base 2-4 1-0: Called Strike 1-1: DOUBLE (Line Drive, 9LS, EV 91.2 MPH)
|
Batting: SHB Andy Ehrsam
|
0-0: Foul Ball, location: 2F 0-1: Ball 1-1: Ball 2-1: Swinging Strike 2-2: Strikes out swinging
|
Top of the 4th over - 0 runs, 2 hits, 0 errors, 1 left on base; Winnipeg 2 - Niagara Falls 4 |
BOTTOM OF THE 4TH |
Niagara Falls Phantoms batting - Pitching for Winnipeg Goldeyes : RHP Chi-young Chuko
|
Batting: RHB Hunter Uttley
|
0-0: Ball 1-0: Ball 2-0: Ball 3-0: Base on Balls
|
Batting: RHB Randy Joyce
|
0-0: Ball 1-0: Called Strike 1-1: Foul Ball, location: 2F 1-2: Strikes out looking
|
Batting: SHB Ramon Werman
|
0-0: DOUBLE (Flyball, 89XD, EV 101.2 MPH) Hunter Uttley to third
|
Batting: RHB Donald DeLisio
|
0-0: Called Strike 0-1: Fly out, F4 (Popup, 4M, EV 63.1 MPH)
|
Batting: LHB Pete Cook
|
0-0: Called Strike 0-1: Ball 1-1: Ball 2-1: Called Strike 2-2: Ball 3-2: Strikes out looking
|
Bottom of the 4th over - 0 runs, 1 hit, 0 errors, 2 left on base; Winnipeg 2 - Niagara Falls 4 |
TOP OF THE 5TH |
Winnipeg Goldeyes batting - Pitching for Niagara Falls Phantoms : LHP Tony de la Cruz
|
Batting: RHB Mike Ricker
|
0-0: Fly out, F7 (Flyball, 7LM, EV 85.0 MPH)
|
Batting: RHB Settan Nakamura
|
0-0: Called Strike 0-1: Ball 1-1: Called Strike 1-2: Ball 2-2: Foul Ball, location: 2F 2-2: Fly out, F9 (Line Drive, 89M, EV 91.2 MPH)
|
Batting: RHB Mike Berzins
|
0-0: Foul Ball, location: 2F 0-1: Ball 1-1: Fly out, F7 (Flyball, 78M, EV 86.9 MPH)
|
Top of the 5th over - 0 runs, 0 hits, 0 errors, 0 left on base; Winnipeg 2 - Niagara Falls 4 |
BOTTOM OF THE 5TH |
Niagara Falls Phantoms batting - Pitching for Winnipeg Goldeyes : RHP Chi-young Chuko
|
Batting: RHB Danny Carrick
|
0-0: Called Strike 0-1: Ball 1-1: Foul Ball, location: 2F 1-2: Strikes out swinging
|
Batting: LHB Luis Ponce
|
0-0: Ball 1-0: Called Strike 1-1: Fly out, F7 (Flyball, 78M, EV 78.1 MPH)
|
Batting: RHB Peter Frankel
|
0-0: Ball 1-0: Ball 2-0: Fly out, F8 (Flyball, 8RM, EV 90.0 MPH)
|
Bottom of the 5th over - 0 runs, 0 hits, 0 errors, 0 left on base; Winnipeg 2 - Niagara Falls 4 |
TOP OF THE 6TH |
Winnipeg Goldeyes batting - Pitching for Niagara Falls Phantoms : LHP Tony de la Cruz
|
Batting: RHB Terry Oetker
|
0-0: Ball 1-0: Swinging Strike 1-1: Foul Ball, location: 2F 1-2: SINGLE (Groundball, 34D, EV 105.6 MPH)
|
Batting: SHB Victor Turrubiate
|
0-0: Ball 1-0: Called Strike 1-1: Foul Ball, location: 2F 1-2: Foul Ball, location: 2F 1-2: Fielders Choice at 2nd, 1-4 (Groundball, 15, EV 64.4 MPH)
|
Batting: RHB Alejandro de Jesus
|
0-0: Called Strike 0-1: Ball 1-1: Reached on error, E5 (Groundball, 5, EV 76.2 MPH) Victor Turrubiate to second
|
Batting: SHB Ed Mosqueda
|
0-0: Called Strike 0-1: Foul Ball, location: 2F 0-2: SINGLE (Line Drive, 89S, EV 103.8 MPH) Victor Turrubiate to third Alejandro de Jesus to second
|
Batting: RHB Yu-zeng Mai
|
0-0: Called Strike 0-1: Fly out, F9 (Line Drive, 9, EV 87.5 MPH) Throwing error, E9 Victor Turrubiate scores Alejandro de Jesus to third Ed Mosqueda to second
|
Pinch Hitting: RHB Mitsuhiro Kobayashi
|
0-0: Ball 1-0: Called Strike 1-1: Swinging Strike 1-2: Strikes out swinging
|
Top of the 6th over - 1 run, 2 hits, 2 errors, 2 left on base; Winnipeg 3 - Niagara Falls 4 |
BOTTOM OF THE 6TH |
Niagara Falls Phantoms batting - Pitching for Winnipeg Goldeyes : RHP Chi-young Chuko
|
Now in LF: Dave Bertheau
|
|
Batting: RHB Ryan Book
|
0-0: Ball 1-0: Called Strike 1-1: Foul Ball, location: 2F 1-2: Strikes out swinging
|
Batting: RHB Hunter Uttley
|
0-0: Fly out, F7 (Flyball, 7LM, EV 103.1 MPH)
|
Batting: RHB Randy Joyce
|
0-0: Ball 1-0: Called Strike 1-1: Ball 2-1: Called Strike 2-2: Ball 3-2: Base on Balls
|
Batting: SHB Ramon Werman
|
0-0: Ball 1-0: 2-RUN HOME RUN (Flyball, 9D, EV 93.8 MPH), Distance : 349 ft
|
Pitching: RHP Tommy Delzeit
|
|
Batting: SHB Bruce Shelton
|
0-0: Swinging Strike 0-1: SINGLE (Line Drive, 78M, EV 91.9 MPH)
|
Batting: LHB Pete Cook
|
0-0: Foul Ball, location: 2F 0-1: Ground out 4-3 (Groundball, 4, EV 87.5 MPH)
|
Bottom of the 6th over - 2 runs, 2 hits, 0 errors, 1 left on base; Winnipeg 3 - Niagara Falls 6 |
TOP OF THE 7TH |
Winnipeg Goldeyes batting - Pitching for Niagara Falls Phantoms : LHP Tony de la Cruz
|
Batting: RHB Mike Ricker
|
0-0: Foul Ball, location: 2F 0-1: Swinging Strike 0-2: Strikes out swinging wild pitch, reaches first!
|
Batting: RHB Settan Nakamura
|
0-0: Ball 1-0: Called Strike 1-1: Ball 2-1: Ball 3-1: Base on Balls Mike Ricker to second
|
Batting: RHB Mike Berzins
|
0-0: Ball 1-0: Ball 2-0: Foul Ball, location: 2F 2-1: Foul Ball, location: 2F 2-2: Ball Wild Pitch! Mike Ricker to third Settan Nakamura to second 3-2: SINGLE (Groundball, 56S, EV 69.4 MPH) (infield hit) Mike Ricker scores Settan Nakamura to third
|
Pitching: RHP Rick Shaw
|
|
Batting: RHB Terry Oetker
|
0-0: Called Strike 0-1: Ball 1-1: Ball Mike Berzins steals 2nd base (no throw) 2-1: Called Strike 2-2: Ball 3-2: Foul Ball, location: 2F 3-2: SINGLE (Groundball, 56S, EV 68.8 MPH) (infield hit) Settan Nakamura scores Mike Berzins to third
|
Batting: SHB Victor Turrubiate
|
0-0: Ball 1-0: Foul Ball, location: 2F 1-1: Called Strike 1-2: Fly out, F9 (Flyball, 89S, EV 83.1 MPH)
|
Pinch Hitting: SHB Rodrigo Mendoza
|
0-0: Ball 1-0: Ball 2-0: Ball 3-0: Called Strike 3-1: Base on Balls Terry Oetker to second
|
Batting: SHB Ed Mosqueda
|
0-0: Called Strike 0-1: Ball 1-1: Ball 2-1: Foul Ball, location: 2F 2-2: DOUBLE (Line Drive, 9LM, EV 103.1 MPH) Mike Berzins scores Terry Oetker scores Rodrigo Mendoza to third
|
Batting: RHB Yu-zeng Mai
|
0-0: Ball 1-0: Called Strike 1-1: Called Strike 1-2: Strikes out swinging
|
Pitching: LHP Jordan Cane
|
|
Batting: LHB Dave Bertheau
|
0-0: Called Strike 0-1: Ball 1-1: Ball 2-1: Ball 3-1: Base on Balls
|
Pitching: RHP Gene Buxton
|
|
Batting: RHB Mike Ricker
|
0-0: Ball 1-0: Ground out U3 (Groundball, 3, EV 90.6 MPH)
|
Top of the 7th over - 4 runs, 3 hits, 0 errors, 3 left on base; Winnipeg 7 - Niagara Falls 6 |
BOTTOM OF THE 7TH |
Niagara Falls Phantoms batting - Pitching for Winnipeg Goldeyes : RHP Tommy Delzeit
|
Now at 3B: Rodrigo Mendoza
|
|
Now at SS: Ed Mosqueda
|
|
Pinch Hitting: RHB Ben Underwood
|
0-0: Foul Ball, location: 2F 0-1: Foul Ball, location: 2F 0-2: Fly out, F7 (Flyball, 78D, EV 99.4 MPH)
|
Batting: LHB Luis Ponce
|
0-0: Ball 1-0: Fly out, F8 (Flyball, 8LD, EV 77.5 MPH)
|
Batting: RHB Peter Frankel
|
0-0: Ground out 5-3 (Groundball, 56S, EV 69.4 MPH)
|
Bottom of the 7th over - 0 runs, 0 hits, 0 errors, 0 left on base; Winnipeg 7 - Niagara Falls 6 |
TOP OF THE 8TH |
Winnipeg Goldeyes batting - Pitching for Niagara Falls Phantoms : RHP Gene Buxton
|
Now in RF: Tatsuro Hamasaki
|
|
Batting: RHB Settan Nakamura
|
0-0: Called Strike 0-1: Called Strike 0-2: SOLO HOME RUN (Flyball, 7D, EV 95.0 MPH), Distance : 353 ft
|
Batting: RHB Mike Berzins
|
0-0: Ball 1-0: Foul Ball, location: 2F 1-1: Ball 2-1: Swinging Strike 2-2: Ball 3-2: Fly out, F8 (Flyball, 89D, EV 89.4 MPH)
|
Batting: RHB Terry Oetker
|
0-0: Swinging Strike 0-1: Ball 1-1: SINGLE (Groundball, 6MD, EV 103.1 MPH)
|
Batting: SHB Victor Turrubiate
|
0-0: Ball 1-0: Foul Ball, location: 2F 1-1: Called Strike 1-2: Ball 2-2: Fly out, F7 (Flyball, 7LM, EV 96.2 MPH)
|
Batting: SHB Rodrigo Mendoza
|
0-0: Fly out, F8 (Line Drive, 8LM, EV 90.0 MPH)
|
Top of the 8th over - 1 run, 2 hits, 0 errors, 1 left on base; Winnipeg 8 - Niagara Falls 6 |
BOTTOM OF THE 8TH |
Niagara Falls Phantoms batting - Pitching for Winnipeg Goldeyes : RHP Tommy Delzeit
|
Batting: RHB Ryan Book
|
0-0: Ball 1-0: Fly out, F8 (Flyball, 8RXD, EV 91.2 MPH)
|
Batting: RHB Hunter Uttley
|
0-0: Swinging Strike 0-1: Ball 1-1: Fly out, F4 (Popup, 13, EV 77.5 MPH)
|
Pinch Hitting: RHB Todd Wolters
|
0-0: Ball 1-0: Foul Ball, location: 2F 1-1: Swinging Strike 1-2: Ball 2-2: Strikes out looking
|
Bottom of the 8th over - 0 runs, 0 hits, 0 errors, 0 left on base; Winnipeg 8 - Niagara Falls 6 |
TOP OF THE 9TH |
Winnipeg Goldeyes batting - Pitching for Niagara Falls Phantoms : RHP Gene Buxton
|
Pitching: RHP Ronnie Seymour
|
|
Now at 1B: Tim Ellenberger
|
|
Batting: SHB Ed Mosqueda
|
0-0: Ball 1-0: Fly out, F8 (Flyball, 89M, EV 88.1 MPH)
|
Batting: RHB Yu-zeng Mai
|
0-0: Ground out 4-3 (Groundball, 4, EV 104.4 MPH)
|
Batting: LHB Dave Bertheau
|
0-0: Called Strike 0-1: Ball 1-1: Ball 2-1: Ball 3-1: SINGLE (Groundball, 56D, EV 105.6 MPH)
|
Batting: RHB Mike Ricker
|
0-0: Ball 1-0: Called Strike Dave Bertheau steals 2nd base 1-1: Ball Dave Bertheau is caught stealing 3rd base 2-5
|
Top of the 9th over - 0 runs, 1 hit, 0 errors, 0 left on base; Winnipeg 8 - Niagara Falls 6 |
BOTTOM OF THE 9TH |
Niagara Falls Phantoms batting - Pitching for Winnipeg Goldeyes : RHP Tommy Delzeit
|
Now at 1B: Fernando Membreno
|
|
Now in LF: Yu-zeng Mai
|
|
Now in RF: Raul Aldaz
|
|
Pinch Hitting: RHB Alfredo Mendez
|
0-0: Ball 1-0: Foul Ball, location: 2F 1-1: Foul Ball, location: 2F 1-2: Strikes out swinging
|
Batting: SHB Bruce Shelton
|
0-0: Ground out 4-3 (Groundball, 34D, EV 98.8 MPH)
|
Batting: LHB Pete Cook
|
0-0: Ball 1-0: Ball 2-0: Called Strike 2-1: Ball 3-1: Base on Balls
|
Batting: RHB Tatsuro Hamasaki
|
0-0: Called Strike 0-1: Ball 1-1: Called Strike 1-2: Strikes out swinging
|
Bottom of the 9th over - 0 runs, 0 hits, 0 errors, 1 left on base; Winnipeg 8 - Niagara Falls 6 |
|